 Dungeon Sprint DCSS version 0.31.0-1-g2c135a0 (webtiles) character file.

Game seed: 12191200767748777271

10 PurpleRed the Conjurer (level 2, -1/14 (15) HPs)
             Began as a Deep Elf Conjurer on Mar 9, 2024.
             Was an Initiate of Vehumet.
             Slain by a hell rat (7 damage)
             ... in the Dungeon (Sprint II: "The Violet Keep of Menkaure").
             The game lasted 00:02:15 (137 turns).

PurpleRed the Conjurer (Deep Elf Conjurer)           Turns: 137, Time: 00:02:15

HP:   -1/14 (15)    AC:  2    Str:  4    XL:     2   Next: 10%
MP:   5/9           EV: 12    Int: 22    God:    Vehumet [......]
Gold: 243           SH:  0    Dex: 13    Spells: 6/9 levels left

rFire   . . .        (no weapon)
rCold   . . .        (no shield)
rNeg    . . .        a - +0 robe
rPois   .            (no helmet)
rElec   .            (no cloak)
rCorr   .            (no gloves)
SInv    .            (no boots)
Will    .....        (no amulet)
Stlth   +            (no ring)
HPRegen 0.22/turn    (no ring)
MPRegen 0.11/turn

%: no teleportation
@: drained, very slow
A: no striking features
a: Renounce Religion


You were in the Dungeon.
You worshipped Vehumet.
Vehumet was noncommittal.
You visited 1 branch You collected 243 gold pieces.

Inventory:

Armour
 a - a +0 robe (worn)
Potions
 b - 3 potions of magic
 c - a potion of curing
 d - a potion of heal wounds


   Skills:
 - Level 2.4 Dodging
 - Level 2.4 Stealth
 + Level 4.4 Spellcasting
 * Level 5.8 Conjurations


You had 6 spell levels left.
You knew the following spells:

 Your Spells              Type           Power      Damage    Failure   Level
a - Magic Dart            Conj           100%       1d8       1%          1
b - Searing Ray           Conj           60%        2d6       1%          2

Your spell library contained the following spells:

 Spells                   Type           Power      Damage    Failure   Level
 Fulminant Prism          Conj/Alch      8%         3d7       32%         4
 Iskenderun's Mystic Bla  Conj/Tloc      17%        2d5       32%         4


Dungeon Overview and Level Annotations

Branches:
Dungeon (1/1)

Altars:
Cheibriados
Dithmenos
Elyvilon
Fedhas
Gozag
Hepliaklqana
Kikubaaqudgha
Makhleb
Nemelex Xobeh
Okawaru
Qazlal
Ru
Sif Muna
Trog
Uskayaw
Vehumet
Wu Jian
Xom
Yredelemnul
Zin
The Shining One
Jiyva
Lugonu

Shops:
D (*?!!

Annotations:
D Roxanne


Message History

There is a basalt altar of Yredelemnul here.
There is a radiant altar of Vehumet here.
You kneel at the altar of Vehumet.
Vehumet welcomes you!
Unknown command.
Press < or > to pray at altars.
Magic restored.
You start memorising the spell.
You continue memorising. x2
You finish memorising.
Spell assigned to 'b'.
There is a glowing silver altar of Zin here.
There is an open door here.
You enter the shallow water.
Moving in this stuff is going to be slow.
You enter the shallow water.
Moving in this stuff is going to be slow.
The walls and floor vibrate strangely for a moment.
Found Ohojaiz's Distillery.
Found Haoveban's Magic Scroll Emporium and Keanos's Assorted Antiques.
Found Zigg's Antique Weapon Shoppe and Piugo's Distillery.
You open the door.
A hell rat comes into view.
The hell rat roars deafeningly!
Found a scale mail.
Casting: Magic Dart (safe; 1% risk of failure)
Confirm with . or Enter, or press ? or * to list all spells.
Aiming: Searing Ray (safe; 1% risk of failure)
Press: ? - help, Shift-Dir - straight line, f - hell rat
Aim: a hell rat (79% to hit)
The searing ray hits the hell rat.
The hell rat is lightly wounded. (Press . to maintain the ray.)
The hell rat barely misses you.
The searing ray hits the hell rat!
The hell rat is severely wounded.
The hell rat barely misses you. The hell rat bites you!
You feel drained.
The searing ray hits the hell rat.
The hell rat is severely wounded.
The hell rat bites you!
Ouch! That really hurt!
You die...

.. B. ...# .∩.∩.#~
# B#. #..## ∩.∩. #~
#3 #+# k##..#
.∩...#~ #.##.##.#
#..# ⌠....+~
#+.<.+# +..##
....#~ ###.##.#
#.... ###~## ##'#
k##....
#~~####§†#####~~...
#@~~#..##.#~~~~~~~
#r#~##l#.##~~§§§~~
#[#~~##+##~~§§§≈~~
####~~~~~~~~~~§§≈≈
#+++#+++#~§≈≈≈≈
§~§.~ ##§≈§##
~~~.~~~..##≈§#
+.~§~~8§~~..+§≈#
##~.~§§~..~##§§≈≈


You could see a hell rat.

Vanquished Creatures
  3 ribbon worms (D)
3 creatures vanquished.

Notes
Turn   | Place    | Note
-------+----------+-------------------------------------------
     0 | D        | PurpleRed the Deep Elf Conjurer began the quest for the
                  | Orb.
     0 | D        | Reached XP level 1. HP: 10/10 MP: 6/6
     2 | D        | Noticed a wyvern
     2 | D        | Noticed a wyvern
     8 | D        | Noticed a neqoxec
    11 | D        | Noticed a boulder beetle
    11 | D        | Noticed a boulder beetle
    28 | D        | Reached skill level 5 in Conjurations
    63 | D        | Noticed Roxanne
    66 | D        | Noticed a crocodile
    78 | D        | Reached XP level 2. HP: 15/15 MP: 5/9
    88 | D        | Found a glowing silver altar of Zin.
    88 | D        | Found a radiant altar of Vehumet.
    89 | D        | Found a glowing golden altar of the Shining One.
    89 | D        | Found a basalt altar of Yredelemnul.
    89 | D        | Found a hide-covered altar of Uskayaw.
    90 | D        | Found a shimmering altar of Xom.
    90 | D        | Found a bloodstained altar of Trog.
    90 | D        | Found a burning altar of Makhleb.
    91 | D        | Found an ornate altar of the Wu Jian Council.
    91 | D        | Found a shimmering blue altar of Sif Muna.
    91 | D        | Found a corrupted altar of Lugonu.
    92 | D        | Found a sacrificial altar of Ru.
    92 | D        | Found an ancient bone altar of Kikubaaqudgha.
    92 | D        | Found a white marble altar of Elyvilon.
    93 | D        | Found a stormy altar of Qazlal.
    93 | D        | Found a viscous altar of Jiyva.
    93 | D        | Found a shadowy altar of Dithmenos.
    94 | D        | Found a hazy altar of Hepliaklqana.
    94 | D        | Found a snail-covered altar of Cheibriados.
    96 | D        | Found a sparkling altar of Nemelex Xobeh.
    96 | D        | Found a blossoming altar of Fedhas.
    97 | D        | Found an opulent altar of Gozag.
    97 | D        | Found an iron altar of Okawaru.
   102 | D        | Noticed an electric eel
   102 | D        | Noticed an electric eel
   103 | D        | Became a worshipper of Vehumet
   107 | D        | Learned a level 2 spell: Searing Ray
   131 | D        | Found Ohojaiz's Distillery.
   132 | D        | Found Haoveban's Magic Scroll Emporium.
   132 | D        | Found Keanos's Assorted Antiques.
   133 | D        | Found Zigg's Antique Weapon Shoppe.
   133 | D        | Found Piugo's Distillery.
   137 | D        | Slain by a hell rat

Illustrated notes

Levels and vault maps discovered:
D:        the_violet_keep_of_menkaure [sprint2_stairs_cluster_1,
          sprint2_shoproom, sprint2_temple, sprint2_basic_supplies,
          sprint2_obstacle_6, sprint2_obstacle_7, sprint2_obstacle_3,
          sprint2_obstacle_5, sprint2_obstacle_1, sprint2_timed_cluster_1,
          sprint2_smallroom_cluster_1, sprint2_smallroom_final_cluster_1,
          sprint2_transparent_cluster_1, sprint2_second_timed_cluster_1,
          sprint2_sniper_area_1, sprint2_heavy_combat_area_1,
          sprint2_mutation_trap_area_1, sprint2_forest_area_1,
          sprint2_light_combat_area_1, sprint2_behind_water_1,
          sprint2_near_end_vault_1]

Skill      XL: |  1 |
---------------+----+-----
Conjurations   | 5 |  5.8
Spellcasting   | 4 |  4.4
Dodging        | |  2.4
Stealth        | |  2.4

Action                     || total
---------------------------++-------
  Melee: Unarmed           ||     9
   Cast: Magic Dart        ||     7
         Searing Ray       ||     1
    Use: Potion            ||     2
         Scroll            ||     1
 Armour: Robe              ||     6
  Dodge: Dodged            ||     6
